 Dungeon Crawl Stone Soup version 0.26-a0-30-g56b8cd3df0 (webtiles) character file.

Game seed: 7994265724756366712, levelgen mode: deterministic

12285 inmateoo the Spear-Bearer (level 12, 0/97 HPs)
             Began as a Formicid Arcane Marksman on May 28, 2020.
             Was a High Priest of Okawaru.
             Slain by Rupert
             ... wielding a +2 great mace of draining
              (9 damage)
             ... on level 12 of the Dungeon.
             The game lasted 00:18:26 (12504 turns).

inmateoo the Spear-Bearer (FoAM)                   Turns: 12504, Time: 00:18:27

Health: 0/97       AC: 25    Str: 19    XL:     12   Next: 18%
Magic:  10/13      EV:  9    Int: 14    God:    Okawaru [*****.]
Gold:   822        SH: 11    Dex: 11    Spells: 12/13 levels left

rFire    + . .     SeeInvis +   z - +4 halberd (freeze)
rCold    . . .     Gourm    .   v - +0 kite shield
rNeg     . . .     Faith    .   y - +5 plate armour of the Everdark {Regen+ SInv Stlth+}
rPois    .         Spirit   .   (helmet unavailable)
rElec    .         Reflect  .   H - +0 cloak {Stlth+}
rCorr    .         Harm     .   o - +0 pair of gloves
MR       +....                  s - +1 pair of boots
Stlth    ..........             D - amulet of the acrobat
HPRegen  0.66/turn              a - ring of protection from fire
MPRegen  0.13/turn              (no ring)

@: mighty, heroism, heavily drained
A: permanent stasis, dig shafts and tunnels, four strong arms, antennae 3
a: Dig, Shaft Self, Heroism, Finesse, Renounce Religion


You were on level 12 of the Dungeon.
You worshipped Okawaru.
Okawaru was extremely pleased with you.
You were hungry.

You visited 2 branches of the dungeon, and saw 13 of its levels.

You collected 822 gold pieces.

Inventory:

Hand Weapons
 d - a +5 halberd
 n - a +2 dagger of draining
 p - the +1 trident of Linearity {flame, Str+2}
   (You found it on level 7 of the Dungeon)

   It has been specially enchanted to burn those struck by it, causing extra
   injury to most foes and up to half again as much damage against particularly
   susceptible opponents.
   It affects your strength (+2).
 z - a +4 halberd of freezing (weapon)
Armour
 o - a +0 pair of gloves (worn)
 s - a +1 pair of boots (worn)
 v - a +0 kite shield (worn)
 y - the +5 plate armour of the Everdark (worn) {Regen+ SInv Stlth+}
   (You acquired it on level 6 of the Dungeon)

   It lets you see invisible.
   It increases your rate of regeneration.
   It makes you more stealthy.
 H - a +0 cloak of stealth (worn)
Jewellery
 a - a ring of protection from fire (left hand)
 l - an uncursed ring of fire
 D - an amulet of the acrobat (around neck)
Wands
 b - a wand of digging (3)
 i - a wand of acid (15)
 t - a wand of random effects (44)
 E - a wand of flame (13)
 F - a wand of polymorph (2)
Scrolls
 e - 2 scrolls of remove curse
 j - a scroll of enchant armour
 w - 3 scrolls of amnesia
 x - 3 scrolls of identify
 A - 2 scrolls of silence {unknown}
 B - a scroll of fog
Potions
 c - a potion of heal wounds
 g - 3 potions of resistance
 h - a potion of curing
 k - 4 potions of brilliance
 m - a potion of ambrosia
 q - a potion of stabbing
 r - a potion of magic
 u - a potion of might
 C - a potion of mutation
Comestibles
 f - 19 rations


   Skills:
 - Level 10.0(12.7) Fighting
 * Level 11.8(14.5) Polearms
   Level 4.0(7.0) Crossbows
 + Level 8.7(11.6) Armour
 + Level 4.7(7.8) Dodging
 + Level 5.4(8.4) Shields
 - Level 1.1(0.0) Spellcasting
 - Level 3.9(2.2) Hexes


You had 12 spell levels left.
You knew the following spells:

 Your Spells              Type           Power        Failure   Level  Hunger
a - Corona                Hex            #......      91%         1    ##.....

Your spell library contained the following spells:

 Spells                   Type           Power        Failure   Level  Hunger
 Slow                     Hex            #.......     97%         2    ###....
 Beastly Appendage        Tmut           #.....       99%         1    ##.....
 Sticks to Snakes         Tmut           #.......     100%        2    ###....
 Inner Flame              Hex/Fire       #.......     100%        3    ####...
 Portal Projectile        Hex/Tloc       #.....       100%        3    ####...
 Spider Form              Tmut/Pois      #.........   100%        3    ####...
 Cause Fear               Hex            #.........   100%        4    #####..
 Ice Form                 Ice/Tmut       #.......     100%        4    #####..
 Leda's Liquefaction      Hex/Erth       #.........   100%        4    #####..
 Blade Hands              Tmut           #.........   100%        5    ######.


Dungeon Overview and Level Annotations

Branches:
Dungeon (12/15)            Temple (1/1) D:7            Lair (0/6) D:9
    Orc: D:9-12

Altars:
Ashenzari
Dithmenos
Elyvilon
Fedhas
Gozag
Hepliaklqana
Kikubaaqudgha
Makhleb
Nemelex Xobeh
Okawaru
Ru
Sif Muna
Trog
Uskayaw
Vehumet
Wu Jian
Xom
Yredelemnul
The Shining One
Jiyva

Shops:
D:7 *

Annotations:
D:10 Fannar
D:11 4 runed translucent doors
D:12 Rupert


Innate Abilities, Weirdness & Mutations

You cannot be hasted, slowed, berserked, paralysed or teleported.
You can dig through walls and to a lower floor.
Your four strong arms can wield two-handed weapons with a shield.
You have a pair of large antennae on your head. (SInv)


Message History

You slice Rupert!! You freeze Rupert.
Rupert is heavily wounded.
Rupert hits you but does no damage.
You feel drained.
You slash Rupert! You freeze Rupert.
Rupert is severely wounded.
Rupert barely misses you.
You closely miss Rupert.
Rupert is severely wounded.
You block Rupert's attack.
You slice Rupert!! You freeze Rupert.
Rupert is severely wounded.
You barely miss Rupert.
Rupert is severely wounded.
Rupert closely misses you.
You hit Rupert. You freeze Rupert.
Rupert is severely wounded.
Rupert hits you with a +2 great mace of draining!!
* * * LOW HITPOINT WARNING * * *
You feel drained.
You die...

...(....+....'.....+
.##.....##..########
###.....##..##....######
.............#.........#.
.............'...........
.##.######..###+#..#.<..
###.# { #+###...### # ...
#.....# { #...@.# #...@.#
#.....# #....## #.....
#..... #..... #.....#


You could see Rupert (berserk).

Vanquished Creatures
  Josephine (D:10)
  A two-headed ogre (D:12)
  Urug (D:11)
  Nergalle (D:11)
  2 unseen horrors
  Pikel (D:6)
  Maurice (D:11)
  Maggie (D:7)
  A komodo dragon (D:9)
  A troll (D:10)
  2 hippogriffs
  Sigmund (D:4)
  10 yaks
  5 wraiths
  Edmund (D:4)
  An acid dragon (D:10)
  2 sky beasts
  An orc warrior (D:6)
  An ice beast (D:7)
  2 centaurs
  A necrophage (D:8)
  3 ogres
  A big kobold (D:4)
  A crocodile (D:12)
  4 bullfrogs
  A gnoll sergeant (D:5)
  21 killer bees
  2 scorpions
  11 wights
  A bullfrog zombie (D:5)
  A centaur zombie (D:10)
  2 crimson imps
  3 orc priests
  2 quasits
  6 hounds
  3 jellies (D:8)
  Crazy Yiuf (D:5)
  An iguana (D:10)
  3 orc wizards
  6 worker ants
  Natasha (thrice) (D:2)
  2 hound zombies
  Robin (D:4)
  A howler monkey zombie (D:9)
  2 worker ant zombies
  19 adders
  11 gnolls
  3 shadow imps
  6 oozes
  2 worms
  3 dart slugs
  8 leopard geckos
  28 orcs
  2 ball pythons
  4 bats
  2 giant cockroaches
  11 goblins
  7 hobgoblins
  14 jackals
  13 kobolds
  3 quokkas
  A ball python skeleton (D:6)
  2 frilled lizards
  4 rats
263 creatures vanquished.

Vanquished Creatures (others)
  An orc (D:6)
  2 jackals (D:6)
  2 plants
5 creatures vanquished.

Grand Total: 268 creatures vanquished

Notes
Turn   | Place    | Note
-------+----------+-------------------------------------------
     0 | D:1      | inmateoo the Formicid Arcane Marksman began the quest for
                  | the Orb.
     0 | D:1      | Reached XP level 1. HP: 15/15 MP: 2/2
   173 | D:1      | Reached XP level 2. HP: 21/21 MP: 3/3
   594 | D:1      | Reached XP level 3. HP: 9/26 MP: 4/4
   782 | D:1      | Reached skill level 1 in Armour
  1220 | D:1      | Found a sparkling altar of Nemelex Xobeh.
  1802 | D:2      | Reached XP level 4. HP: 26/33 MP: 5/5
  2402 | D:2      | Reached XP level 5. HP: 39/39 MP: 6/6
  2441 | D:2      | Noticed Natasha
  2452 | D:2      | Killed Natasha
  2852 | D:2      | Noticed Natasha
  2881 | D:2      | Killed Natasha
  3026 | D:2      | Noticed Natasha
  3036 | D:2      | Killed Natasha
  3229 | D:3      | Reached XP level 6. HP: 47/47 MP: 7/7
  3607 | D:3      | Found a sparkling altar of Nemelex Xobeh.
  3719 | D:3      | Found a shimmering blue altar of Sif Muna.
  3896 | D:3      | Found a burning altar of Makhleb.
  4227 | D:4      | Noticed Sigmund
  4286 | D:3      | Reached XP level 7. HP: 55/55 MP: 8/8
  4428 | D:4      | Killed Sigmund
  4428 | D:4      | Reached skill level 5 in Fighting
  4702 | D:3      | Reached skill level 1 in Polearms
  4881 | D:4      | Noticed Edmund
  4905 | D:4      | Killed Edmund
  4905 | D:4      | Reached skill level 2 in Polearms
  4905 | D:4      | Reached XP level 8. HP: 53/64 MP: 9/9
  4972 | D:4      | Found an ornate altar of the Wu Jian Council.
  4984 | D:4      | Noticed Robin
  4999 | D:4      | Killed Robin
  5103 | D:4      | Reached skill level 3 in Polearms
  5310 | D:5      | Entered Level 5 of the Dungeon
  5815 | D:5      | Found a basalt altar of Yredelemnul.
  5997 | D:5      | Reached skill level 4 in Polearms
  6457 | D:5      | Found a runed translucent door.
  6458 | D:5      | Noticed Crazy Yiuf
  6543 | D:5      | Got a crystal hunting sling
  6756 | D:5      | Found an opulent altar of Gozag.
  6756 | D:5      | Found a bloodstained altar of Trog.
  6757 | D:5      | Found a radiant altar of Vehumet.
  6815 | D:5      | Killed Crazy Yiuf
  6815 | D:5      | Reached skill level 5 in Polearms
  7168 | D:6      | Identified a scroll of acquirement
  7169 | D:6      | Got the +5 plate armour of the Everdark {Regen+ SInv
                  | Stlth+}
  7237 | D:6      | Noticed Pikel
  7270 | D:6      | Killed Pikel
  7270 | D:6      | Reached skill level 7 in Polearms
  7270 | D:6      | Reached XP level 9. HP: 72/72 MP: 10/10
  7367 | D:6      | Identified the +9 hunting sling of the Evening {freeze,
                  | Str+2} (You found it on level 5 of the Dungeon)
  7485 | D:6      | Reached skill level 8 in Polearms
  8089 | D:7      | HP: 4/108 [killer bee (3)]
  8093 | D:7      | Reached skill level 9 in Polearms
  8096 | D:7      | HP: 3/108 [poisoned by a killer bee]
  8521 | D:7      | Found a staircase to the Ecumenical Temple.
  8531 | Temple   | Entered the Ecumenical Temple
  8636 | Temple   | Became a worshipper of Warmaster Okawaru
  8815 | D:7      | Got a faintly glowing dagger
  8816 | D:7      | Identified the cursed +1 dagger "Qounem" {chaos, Dex+4}
                  | (You found it on level 7 of the Dungeon)
  8914 | D:7      | Reached XP level 10. HP: 38/79 MP: 11/11
  8921 | D:7      | Reached skill level 10 in Polearms
  8997 | D:7      | Got an iridescent trident
  8998 | D:7      | Identified the cursed +1 trident of Linearity {flame,
                  | Str+2} (You found it on level 7 of the Dungeon)
  9309 | D:7      | Noticed Maggie
  9329 | D:7      | Killed Maggie
  9329 | D:7      | Reached skill level 5 in Armour
  9372 | D:7      | Found Fasmuq's Lightly-Used Armoury.
  9414 | D:7      | Reached * piety under Okawaru
  9972 | D:8      | Reached ** piety under Okawaru
 10003 | D:8      | Found a hazy altar of Hepliaklqana.
 10010 | D:8      | Found a shattered altar of Ashenzari.
 10827 | D:9      | Found a staircase to the Lair.
 10828 | D:9      | Noticed a komodo dragon
 10843 | D:9      | Killed a komodo dragon
 11015 | D:9      | Found a bloodstained altar of Trog.
 11083 | D:9      | Found a glowing golden altar of the Shining One.
 11217 | D:10     | Entered Level 10 of the Dungeon
 11260 | D:10     | Noticed an unseen horror
 11272 | D:10     | Killed an unseen horror
 11272 | D:10     | Reached *** piety under Okawaru
 11272 | D:10     | Reached skill level 1 in Shields
 11272 | D:10     | Reached XP level 11. HP: 89/89 MP: 12/12
 11345 | D:10     | Reached **** piety under Okawaru
 11358 | D:10     | Reached skill level 10 in Fighting
 11585 | D:10     | Noticed Fannar
 11597 | D:10     | You fall into a shaft and drop 1 floor!
 11597 | D:11     | Noticed Nergalle
 11605 | D:11     | Killed Nergalle
 11702 | D:11     | Noticed an unseen horror
 11709 | D:11     | Killed an unseen horror
 11709 | D:11     | Reached skill level 11 in Polearms
 11813 | D:11     | Noticed Urug
 11814 | D:11     | Found a huge runed translucent gate.
 11814 | D:11     | Found a huge runed translucent gate.
 11814 | D:11     | Found a huge runed translucent gate.
 11814 | D:11     | Found a huge runed translucent gate.
 11832 | D:11     | Killed Urug
 12033 | D:11     | Noticed Josephine
 12081 | D:10     | Killed Josephine
 12081 | D:10     | Reached ***** piety under Okawaru
 12187 | D:11     | Noticed Maurice
 12196 | D:11     | Killed Maurice
 12342 | D:11     | Identified the +5 war axe of Xirergh {venom, *Contam rElec
                  | MR- Dex+7} (You found it on level 11 of the Dungeon)
 12365 | D:12     | Reached XP level 12. HP: 97/97 MP: 13/13
 12374 | D:12     | Reached skill level 5 in Shields
 12444 | D:12     | Noticed a two-headed ogre
 12449 | D:12     | Killed a two-headed ogre
 12488 | D:12     | Noticed Rupert
 12504 | D:12     | Slain by Rupert

Illustrated notes

Levels and vault maps discovered:
D:1:      dpeg_arrival_signposts, layout_basic, grunt_decor_one_mirror,
          nemelex_diamond_rough_becter
D:2:      layout_basic, minmay_unequal, uniq_natasha
D:3:      layout_loops_ring, makhleb_heckhound_becter,
          nicolae_overflow_crystal_walls, nemelex_xobeh_ov_fountains_minmay,
          minmay_misc_feat_nine_boxes, palyth_stone_intersect, minmay_distorted
D:4:      layout_basic, kennysheep_little_box, lexackson_kobold_supper,
          uniq_sigmund, uniq_edmund, uniq_robin
D:5:      layout_loops_ring, lemuel_crystal_altar,
          gammafunk_temple_overflow_claw, first_ration, uniq_crazy_yiuf_cottage
D:6:      layout_gridville, uniq_pikel
D:7:      layout_gridville, temple_statues, minmay_shop_damaged, uniq_maggie
D:8:      layout_loops_ring, nicolae_overflow_hidden_temple,
          overflow_temple_1_default, hangedman_little_slice_of_home
D:9:      layout_small_grid, tso_oasis_becter, david_lair_shrubbed, basic_altar
D:10:     layout_rooms, serial_shops, shop, nicolae_wwwww, uniq_fannar
D:11:     lemuel_bear_cage, layout_rooms, uniq_nergalle, uniq_josephine,
          uniq_maurice, uniq_urug
D:12:     minmay_goldmine, layout_gridville, david_orc_4, trog_ov_bears_minmay,
          uniq_rupert
Temple:   pf_slime_end_temple

Skill      XL: |  1  2  3  4  5  6  7  8  9 10 11 12 |
---------------+-------------------------------------+-----
Dodging        | 2 4 |  4.7
Armour         | 1 2 3 4 7 8 |  8.7
Fighting       | 2 3 4 6 7 9 10 | 10.0
Crossbows      | 3 4 |  4.0
Polearms       | 2 7 9 10 11 | 11.8
Shields        | 1 4 5 |  5.4
Spellcasting   | |  1.1
Hexes          | |  3.9

Action                   |  1- 3 |  4- 6 |  7- 9 | 10-12 || total
-------------------------+-------+-------+-------+-------++-------
Melee: Short sword       |    31 |       |       |       ||    31
       Mace              |    39 |       |       |       ||    39
       Dagger            |    15 |   239 |   464 |     7 ||   725
       Scythe            |       |       |    33 |       ||    33
       Halberd           |       |       |    78 |   453 ||   531
       Unarmed           |       |       |    30 |       ||    30
 Fire: Hand crossbow     |    24 |       |       |       ||    24
Invok: Heroism           |       |       |       |     5 ||     5
 Abil: Dig               |       |       |     2 |     3 ||     5
       Shaft Self        |       |       |       |     1 ||     1
  Use: Scroll            |       |    16 |     4 |    10 ||    30
       Potion            |       |       |     3 |     2 ||     5
 Stab: Sleeping          |     1 |       |       |       ||     1
  Eat: Chunk             |     3 |     8 |     9 |     9 ||    29
       Ration            |       |       |     2 |     1 ||     3
Armor: Robe              |     8 |       |       |       ||     8
       Plate armour      |    32 |   179 |   446 |   248 ||   905
       Chain mail        |     8 |       |       |       ||     8
       Skin              |       |       |    44 |       ||    44
Dodge: Dodged            |    39 |    86 |   158 |   103 ||   386
Block: Kite shield       |       |       |       |    91 ||    91

Table legend:
 A = Non-vault XP
 B = Vault XP
 C = Vault XP percentage of total XP
 D = Non-vault monster count
 E = Vault monster count
 F = Vault count percentage of total count
                 A         B        C        D         E       F
            +---------+---------+-------+---------+---------+-------
      Total |   11063 |    6487 |  37.0 |     219 |      44 |  16.7
            +---------+---------+-------+---------+---------+-------
        D:1 |      43 |       0 |   0.0 |      20 |       0 |   0.0
        D:2 |     176 |      43 |  19.6 |      20 |       6 |  23.1
        D:3 |     287 |      46 |  13.8 |      32 |       3 |   8.6
        D:4 |     121 |     534 |  81.5 |       9 |      14 |  60.9
        D:5 |     480 |      41 |   7.9 |      21 |       1 |   4.5
        D:6 |     658 |     685 |  51.0 |      22 |       1 |   4.3
        D:7 |    1291 |     434 |  25.2 |      20 |       1 |   4.8
        D:8 |    1470 |     163 |  10.0 |      28 |       8 |  22.2
        D:9 |     319 |     350 |  52.3 |       8 |       1 |  11.1
       D:10 |    3122 |    1494 |  32.4 |      21 |       3 |  12.5
       D:11 |     856 |    2697 |  75.9 |       6 |       6 |  50.0
       D:12 |    2240 |       0 |   0.0 |      12 |       0 |   0.0
            +---------+---------+-------+---------+---------+-------
